 Dungeon Crawl Stone Soup version 0.21.0-24-g2553a33 (webtiles) character file.

41468 Gorglomux the Protected (level 13, -2/124 HPs)
             Began as a Deep Dwarf Fighter on Jan 20, 2018.
             Was the Champion of Makhleb.
             Slain by a freezing wraith (7 damage)
             ... on level 15 of the Dungeon.
             The game lasted 00:10:56 (10440 turns).

Gorglomux the Protected (Deep Dwarf Fighter)       Turns: 10440, Time: 00:10:57

Health: -2/124     AC: 16    Str: 25    XL:     13   Next: 80%
Magic:  9/9        EV: 12    Int: 11    God:    Makhleb [******]
Gold:   1          SH: 13    Dex: 12    Spells: 12/12 levels left

rFire    . . .     SeeInvis .   a - +1 war axe (freeze)
rCold    . . .     Gourm    .   U - +0 shield
rNeg     . . .     Faith    +   b - +0 scale mail
rPois    +         Spirit   .   (helmet restricted)
rElec    .         Reflect  .   r - +1 cloak
rCorr    .         Harm     .   v - +0 pair of gloves
MR       ++...                  E - +2 pair of boots
Stlth    +.........             N - amulet of faith
HPRegen  0.00/turn              o - ring of poison resistance
MPRegen  0.11/turn              m - ring of protection from magic

@: non-regenerating
A: damage resistance, heal wounds, horns 1, camouflage 1, blurry vision 1,
clever 1, low mp 1, sense surroundings 2, no regeneration
a: Heal Wounds, Minor Destruction, Lesser Servant of Makhleb, Major Destruction,
Greater Servant of Makhleb, Renounce Religion


You were on level 15 of the Dungeon.
You worshipped Makhleb.
Makhleb was exalted by your worship.
You were not hungry.

You visited 2 branches of the dungeon, and saw 16 of its levels.

You collected 762 gold pieces.
You spent 761 gold pieces at shops.

Inventory:

Hand Weapons
 a - a +1 war axe of freezing (weapon)
 x - a +4 scimitar of flaming
 M - a +0 hand axe of electrocution
Armour
 b - a +0 scale mail (worn)
 r - a +1 cloak (worn)
 v - a +0 pair of gloves (worn)
 E - a +2 pair of boots (worn)
 U - a +0 shield (worn)
Jewellery
 c - an uncursed ring of protection from cold
 m - a ring of protection from magic (right hand)
 o - a ring of poison resistance (left hand)
 w - a +2 ring of intelligence {unknown}
 N - an amulet of faith (around neck)
Wands
 A - a wand of acid (13)
 I - a wand of iceblast (15)
 P - a wand of paralysis (12)
Scrolls
 s - 3 scrolls of remove curse
 u - a scroll of torment {unknown}
 y - 2 scrolls of immolation
 B - a scroll of blinking
 C - 3 scrolls of silence {unknown}
 D - a scroll of fear
 H - 2 scrolls of vulnerability
 J - 3 scrolls of enchant weapon
 L - 2 scrolls of brand weapon
 O - 5 scrolls of enchant armour
 R - 5 scrolls of identify
 T - 4 scrolls of teleportation
 V - a scroll of fog {unknown}
Potions
 d - 2 potions of might
 j - 2 potions of lignification
 n - a potion of invisibility
 q - 3 potions of cancellation
 z - a potion of ambrosia
 F - a potion of brilliance
 G - a potion of resistance
 K - a potion of haste
 Q - 7 potions of curing
 S - 5 potions of flight
 Z - 4 potions of heal wounds
Miscellaneous
 W - a lightning rod (4/4)
 X - a phial of floods (inert)
Comestibles
 f - 38 rations
 Y - 25 chunks of flesh


   Skills:
 + Level 10.4 Fighting
 + Level 12.0 Axes
 + Level 12.2 Armour
 - Level 5.5 Dodging
 + Level 12.2 Shields
 + Level 12.2 Invocations


You had 12 spell levels left.
You didn't know any spells.

Dungeon Overview and Level Annotations

Branches:
Dungeon (15/15)            Temple (1/1) D:4            Lair (0/6) D:9
    Orc (0/2) D:11         Vaults (0/5) D:13
 Depths: D:15

Altars:
Ashenzari
Fedhas
Kikubaaqudgha
Makhleb
Nemelex Xobeh
Ru
Sif Muna
Trog
Uskayaw
Wu Jian
Yredelemnul
Zin
The Shining One
Beogh

Shops:
D:5 *   D:7 }   D:11 (   D:15 ?

Annotations:
D:10 Snorg


Innate Abilities, Weirdness & Mutations

You are resistant to damage.
You can heal yourself by infusing magical energy.
You passively map the area around you.
You do not regenerate.
You have a pair of small horns on your head.
Your skin changes colour to match your surroundings (Stealth+).
Scrolls take you a little longer to read.
Your mind is acute. (Int +2)
Your magical capacity is low. (-10% MP)


Message History

You cut the centaur warrior but do no damage!
The centaur warrior is almost dead!
You closely miss the freezing wraith!
The orc priest no longer looks unusually strong!
The butt butt no longer looks unusually strong!
You block the centaur warrior's attack!
The orc knight roars a battlecry!!!
The orcs go into a battle-frenzy!!!
You block the freezing wraith's butt! You block the freezing butt's attack!
The orc warrior hits you from afar with a trident!!! * * * don'butt die
* * * You are too injured to fight recklessly!!!
You closely miss the centaur warrior!
Your headbutt misses the centaur warrior!
The centaur warrior is almost dead!
You open the freezing wraith like a pillowcase!!!
The centaur warrior hits you!!! * * * don't die
* * * The freezing wraith hits you!
The freezing wraith freezes you!!! rip

, ..#............,, ,,, ,
, ..............§§. ,
,.............§§§.. ,, *
................... ,
.........%.)......... ,
........o##.........# #.
.......o.##'#...#...# #.
, o§....oOco......#...#
#. .#######W@..........#
#. ,, ####..(..%....# #.
, , ,.........(...#. ###
#. ,* , ,
.............#.##.####. *
,
,.......#......#.......#.
*,,
,.......####...#.##.##.##
######## ##'##.##'##.## *
#######.#......#...
........###....#.##


You could see an orc knight, a centaur warrior, a freezing wraith, an orc
warrior, an ogre and 2 orc priests.

Vanquished Creatures
  The ghost of taran the Fighter, a journeyman OgAE of Fedhas (D:13)
  A hydra (D:12)
  A centaur warrior (D:11)
  10 two-headed ogres
  2 dancing weapons (D:13)
  2 orc knights
  A wolf spider zombie (D:13)
  A harpy (shapeshifter) (D:13)
  2 deep elf magi
  14 ugly things
  4 manticores
  2 cyclopes (D:15)
  A freezing wraith (D:15)
  4 kobold demonologists
  2 komodo dragons
  An efreet (D:14)
  2 trolls
  Prince Ribbit (D:6)
  The ghost of wazuzu the Poker, an amateur FoAK of Lugonu (D:5)
  Grinder (D:3)
  3 hippogriffs
  Sigmund (D:3)
  A centaur simulacrum (D:14)
  2 shadows (D:13)
  25 yaks
  Eustachio (D:6)
  3 wraiths
  7 wyverns
  A basilisk (D:9)
  2 hungry ghosts
  A soldier ant (D:12)
  2 acid dragons
  Duvessa (D:5)
  21 orc warriors
  A necrophage (D:11)
  3 ice beasts
  A black bear (D:13)
  8 sky beasts
  2 eyes of draining (D:11)
  4 phantoms
  7 ogres
  9 centaurs
  4 crocodiles
  The ghost of tidbits the Grave Robber, an amateur GnNe of Cheibriados (D:3)
  9 bullfrogs
  Blork the orc (D:6)
  4 big kobolds
  Dowan (D:5)
  5 killer bees (D:11)
  10 wights (D:13)
  5 howler monkeys
  A bullfrog zombie (D:9)
  6 crimson imps
  A centaur zombie (D:9)
  A quasit (D:7)
  15 orc priests
  13 orc wizards
  3 bullfrog skeletons
  5 centaur skeletons
  4 hounds
  2 jellies
  Natasha (D:3)
  Terence (D:2)
  4 iguanas
  16 worker ants
  A hound zombie (D:8)
  A hound skeleton (D:8)
  2 worker ant zombies
  8 adders
  3 shadow imps
  2 worms
  64 orcs
  5 ball pythons
  6 bats
  6 giant cockroaches
  6 goblins
  3 hobgoblins (D:2)
  6 jackals
  9 kobolds
  10 quokkas
  5 frilled lizards
  20 rats
430 creatures vanquished.

Vanquished Creatures (collateral kills)
  2 ugly things (D:14)
  An orc warrior (D:12)
  A gnoll sergeant (D:12)
  A crimson imp (D:12)
  A bullfrog zombie (D:12)
  An adder (D:12)
  2 orcs (D:12)
9 creatures vanquished.

Vanquished Creatures (others)
  A frilled lizard (D:5)
1 creature vanquished.

Grand Total: 440 creatures vanquished

Notes
Turn   | Place    | Note
-------+----------+-------------------------------------------
     0 | D:1      | Gorglomux the Deep Dwarf Fighter began the quest for the Orb.
     0 | D:1      | Reached XP level 1. HP: 20/20 MP: 1/1
   292 | D:1      | Reached XP level 2. HP: 27/27 MP: 2/2
   503 | D:2      | Reached skill level 1 in Dodging
   565 | D:2      | Reached XP level 3. HP: 25/33 MP: 3/3
   600 | D:2      | Noticed Terence
   608 | D:2      | Killed Terence
   608 | D:2      | Reached skill level 3 in Fighting
   953 | D:2      | Reached XP level 4. HP: 41/42 MP: 4/4
  1247 | D:3      | Noticed tidbits's ghost (amateur GnNe)
  1271 | D:3      | Killed tidbits's ghost
  1271 | D:3      | Reached skill level 3 in Axes
  1271 | D:3      | Reached XP level 5. HP: 32/49 MP: 5/5
  1569 | D:3      | Noticed Natasha
  1572 | D:3      | Killed Natasha
  1572 | D:3      | Reached XP level 6. HP: 47/56 MP: 5/5
  1669 | D:3      | Noticed Sigmund
  1683 | D:3      | Killed Sigmund
  1683 | D:3      | Reached skill level 3 in Dodging
  1750 | D:3      | Noticed Grinder
  1760 | D:3      | Paralysed by Grinder for 2 turns
  1771 | D:3      | Killed Grinder
  1771 | D:3      | Reached XP level 7. HP: 41/64 MP: 6/6
  1931 | D:4      | Found a staircase to the Ecumenical Temple.
  2052 | Temple   | Entered the Ecumenical Temple
  2142 | Temple   | Became a worshipper of Makhleb the Destroyer
  2768 | D:5      | Entered Level 5 of the Dungeon
  2789 | D:5      | Reached * piety under Makhleb
  2798 | D:5      | Reached XP level 8. HP: 44/73 MP: 7/7
  2872 | D:5      | Noticed Dowan
  2879 | D:5      | Noticed Duvessa
  2901 | D:5      | Killed Duvessa
  2954 | D:5      | Killed Dowan
  2954 | D:5      | Reached skill level 6 in Armour
  2954 | D:5      | Reached skill level 6 in Shields
  3006 | D:5      | Found Ewkog's General Store.
  3016 | D:5      | Bought a scroll of enchant armour for 75 gold pieces
  3016 | D:5      | Bought a scroll of identify for 20 gold pieces
  3016 | D:5      | Bought a potion of curing for 30 gold pieces
  3028 | D:5      | Noticed wazuzu's ghost (amateur FoAK)
  3107 | D:5      | Killed wazuzu's ghost
  3198 | D:5      | Found an ancient bone altar of Kikubaaqudgha.
  3497 | D:6      | Reached skill level 6 in Axes
  3559 | D:6      | Reached ** piety under Makhleb
  3561 | D:6      | Noticed Prince Ribbit
  3564 | D:6      | Noticed Blork the orc
  3572 | D:6      | Killed Blork the orc
  3572 | D:6      | Gained mutation: You passively map the area around you. [Deep Dwarf growth]
  3572 | D:6      | Reached XP level 9. HP: 67/81 MP: 6/6
  3651 | D:6      | Noticed Eustachio
  3668 | D:6      | Killed Eustachio
  3668 | D:6      | Reached skill level 1 in Invocations
  3720 | D:6      | Killed Prince Ribbit
  4131 | D:7      | Reached skill level 6 in Fighting
  4131 | D:7      | Reached skill level 3 in Invocations
  4271 | D:7      | Found Cyuka's Gadget Boutique.
  4276 | D:7      | Bought a wand of acid (6) for 240 gold pieces
  4585 | D:8      | Noticed a two-headed ogre
  4602 | D:8      | Killed a two-headed ogre
  4632 | D:8      | Reached *** piety under Makhleb
  4640 | D:8      | Reached XP level 10. HP: 67/92 MP: 9/9
  5232 | D:9      | Found a staircase to the Lair.
  5429 | D:9      | Reached **** piety under Makhleb
  5430 | D:9      | Reached skill level 6 in Invocations
  5924 | D:10     | Entered Level 10 of the Dungeon
  5952 | D:10     | Noticed a red ugly thing
  5975 | D:10     | Killed a red ugly thing
  6517 | D:10     | Noticed Snorg
  6550 | D:11     | Reached skill level 9 in Armour
  6552 | D:11     | Reached skill level 9 in Shields
  6762 | D:11     | Reached XP level 11. HP: 100/100 MP: 10/10
  6763 | D:11     | Found Qamotoepp's Antique Weapon Shop.
  7011 | D:11     | Noticed a two-headed ogre
  7024 | D:11     | Killed a two-headed ogre
  7080 | D:11     | Noticed a two-headed ogre
  7093 | D:11     | Killed a two-headed ogre
  7093 | D:11     | Reached skill level 9 in Axes
  7158 | D:11     | Gained mutation: Scrolls take you a little longer to read. [a neqoxec]
  7163 | D:11     | Reached ***** piety under Makhleb
  7190 | D:11     | Lost mutation: Scrolls take you a little longer to read. [potion of mutation]
  7190 | D:11     | Gained mutation: You have a beak for a mouth. [potion of mutation]
  7190 | D:11     | Gained mutation: Scrolls take you a little longer to read. [potion of mutation]
  7190 | D:11     | Gained mutation: Your skin changes colour to match your surroundings (Stealth+). [potion of mutation]
  7198 | D:11     | Found a staircase to the Orcish Mines.
  7202 | D:11     | Lost mutation: Scrolls take you a little longer to read. [potion of mutation]
  7202 | D:11     | Lost mutation: You have a beak for a mouth. [potion of mutation]
  7202 | D:11     | Gained mutation: Your magical capacity is low. (-10% MP) [potion of mutation]
  7202 | D:11     | Gained mutation: Scrolls take you a little longer to read. [potion of mutation]
  7202 | D:11     | Gained mutation: You have a pair of small horns on your head. [potion of mutation]
  7202 | D:11     | Gained mutation: Your mind is acute. (Int +2) [potion of mutation]
  7260 | D:11     | Found a roughly hewn altar of Beogh.
  7260 | D:11     | Noticed an orc knight
  7273 | D:11     | Killed an orc knight
  7330 | D:11     | Noticed a centaur warrior
  7340 | D:11     | Killed a centaur warrior
  7589 | D:12     | Reached skill level 9 in Invocations
  7671 | D:12     | Noticed an eight-headed hydra
  7684 | D:12     | Killed an eight-headed hydra
  7684 | D:12     | Reached XP level 12. HP: 55/112 MP: 11/11
  7820 | D:12     | Reached ****** piety under Makhleb
  7961 | D:12     | Noticed a two-headed ogre
  7969 | D:12     | Killed a two-headed ogre
  8034 | D:12     | Identified a scroll of acquirement
  8066 | D:12     | HP: 1/112 [red ugly thing (16)]
  8070 | D:12     | Reached skill level 9 in Fighting
  8452 | D:13     | Noticed a two-headed ogre
  8464 | D:13     | Killed a two-headed ogre
  8509 | D:13     | Noticed a two-headed ogre
  8523 | D:13     | Killed a two-headed ogre
  8755 | D:13     | Noticed a two-headed ogre
  8767 | D:13     | Killed a two-headed ogre
  8773 | D:13     | Found a gate to the Vaults.
  9085 | D:13     | Reached XP level 13. HP: 105/121 MP: 12/12
  9129 | D:13     | Noticed taran's ghost (journeyman OgAE)
  9223 | D:13     | Killed taran's ghost
  9857 | D:14     | Reached skill level 12 in Armour
  9857 | D:14     | Reached skill level 12 in Shields
 10200 | D:15     | Entered Level 15 of the Dungeon
 10204 | D:15     | Reached skill level 12 in Invocations
 10389 | D:15     | Found Kaitosm's Magic Scroll Shop.
 10396 | D:15     | Bought a scroll of brand weapon for 260 gold pieces
 10396 | D:15     | Bought a scroll of vulnerability for 97 gold pieces
 10396 | D:15     | Bought a scroll of teleportation for 39 gold pieces
 10405 | D:15     | Reached skill level 12 in Axes
 10440 | D:15     | HP: 5/124 [centaur warrior (11)]
 10440 | D:15     | Slain by a freezing wraith

Skill      XL: |  1  2  3  4  5  6  7  8  9 10 11 12 13 |
---------------+----------------------------------------+-----
Dodging        | 1 2 3 4 5 |  5.5
Fighting       | 3 4 5 6 7 8 9 10 | 10.4
Axes           | 3 4 5 6 7 8 10 11 12 | 12.0
Armour         | 4 5 6 7 9 10 11 12 | 12.2
Shields        | 4 5 6 7 9 10 11 12 | 12.2
Invocations    | 4 7 9 10 12 | 12.2

Action                   |  1- 3 |  4- 6 |  7- 9 | 10-12 | 13-15 || total
-------------------------+-------+-------+-------+-------+-------++-------
Melee: War axe           |   109 |   102 |   233 |    18 |   281 ||   743
       Hand axe          |       |       |   159 |   816 |    37 ||  1012
       Unarmed           |       |       |     6 |       |       ||     6
       Headbutt          |       |       |       |   122 |    65 ||   187
       Peck              |       |       |       |     1 |       ||     1
Invok: Minor Destruction |       |       |     5 |     8 |     6 ||    19
 Abil: Heal Wounds       |     1 |     6 |    14 |    15 |    17 ||    53
Evoke: Wand              |       |       |     1 |     2 |     2 ||     5
       Lightning rod     |       |       |       |     4 |       ||     4
       Phial of floods   |       |       |       |     1 |     1 ||     2
  Use: Potion            |       |     1 |       |     3 |       ||     4
       Scroll            |       |       |     7 |    14 |       ||    21
  Eat: Chunk             |       |     3 |    10 |    19 |     5 ||    37
Armor: Scale mail        |    45 |    38 |   156 |   310 |   106 ||   655
Dodge: Dodged            |    33 |    16 |   184 |   274 |   126 ||   633
Block: Shield            |    56 |    49 |   234 |   519 |   193 ||  1051
